 Dungeon Crawl Stone Soup version 0.21.1-1-g345015f (webtiles) character file.

4604 kae the Cleaver (level 10, -4/90 HPs)
             Began as a Hill Orc Fighter on June 1, 2018.
             Was a Follower of Makhleb.
             Slain by kae's ghost (16 damage)
             ... on level 9 of the Dungeon.
             The game lasted 00:04:46 (7212 turns).

kae the Cleaver (Hill Orc Fighter)                  Turns: 7212, Time: 00:04:46

Health: -4/90      AC: 12    Str: 23    XL:     10   Next: 42%
Magic:  13/13      EV: 10    Int:  8    God:    Makhleb [*.....]
Gold:   321        SH: 13    Dex: 12    Spells: 9/9 levels left

rFire    . . .     SeeInvis .   a - +0 war axe
rCold    . . .     Gourm    .   c - +0 shield
rNeg     . . .     Faith    .   b - +0 scale mail
rPois    +         Spirit   .   p - +1 helmet
rElec    .         Reflect  +   (no cloak)
rCorr    .         Harm     .   w - +1 pair of gloves
MR       .....                  (no boots)
Stlth    ..........             u - +4 amulet of reflection
HPRegen  0.25/turn              B - +2 ring of dexterity
MPRegen  0.13/turn              o - ring of poison resistance

@: no status effects
A: no striking features
a: Renounce Religion


You were on level 9 of the Dungeon.
You worshipped Makhleb.
Makhleb was aware of your devotion.
You were not hungry.

You visited 1 branch of the dungeon, and saw 9 of its levels.

You collected 437 gold pieces.
You spent 116 gold pieces at shops.

Inventory:

Hand Weapons
 a - a +0 war axe (weapon)
 J - a +0 battleaxe
Missiles
 i - a throwing net (quivered)
Armour
 b - a +0 scale mail (worn)
 c - a +0 shield (worn)
 p - a +1 helmet (worn)
 w - a +1 pair of gloves (worn)
Jewellery
 o - a ring of poison resistance (right hand)
 u - a +4 amulet of reflection (around neck)
 z - a +1 ring of evasion
 B - a +2 ring of dexterity (left hand)
 G - a +3 ring of protection {unknown}
 N - an uncursed amulet of the gourmand {unknown}
Wands
 y - a wand of polymorph (2)
 C - a wand of paralysis (8)
 F - a wand of disintegration (8)
 L - a wand of flame (21)
Scrolls
 d - 2 scrolls of magic mapping
 m - 2 scrolls of fog
 r - a scroll of noise {unknown}
 s - a scroll of teleportation
 x - 4 scrolls of identify
 A - a scroll of blinking
 E - a scroll of enchant armour
 H - 2 scrolls of enchant weapon {unknown}
 I - a scroll of amnesia {unknown}
 M - a scroll of fear
Potions
 g - a potion of cancellation
 h - a potion of resistance
 j - 2 potions of degeneration
 k - a potion of mutation
 l - a potion of flight
 n - 2 potions of ambrosia
 q - a potion of agility
 t - 7 potions of curing
 v - 3 potions of brilliance
 D - 2 potions of heal wounds
 K - a potion of invisibility {unknown}
Books
 e - Sif Muna's Compendium of Companions
   (You found it on level 5 of the Dungeon)

   Spells                             Type                      Level
   a - Summon Butterflies             Summoning                    1
Comestibles
 f - 10 rations
 O - 4 chunks of flesh


   Skills:
 + Level 8.6 Fighting
 * Level 12.0 Axes
 + Level 7.8 Armour
 + Level 5.2 Dodging
 - Level 3.2 Shields
 + Level 4.5 Invocations


You had 9 spell levels left.
You didn't know any spells.

Dungeon Overview and Level Annotations

Branches:
Dungeon (9/15)             Temple (0/1) D:7
   Lair: D:8-11         Orc: D:9-12

Altars:
Ashenzari
Kikubaaqudgha
Makhleb
Nemelex Xobeh
Qazlal
Ru
Sif Muna
Trog
Uskayaw
Vehumet
Zin

Shops:
D:5 ?   D:6 (   D:7 *?

Annotations:
D:9 kae's ghost, journeyman HOFi


Message History

Kae's ghost burns you.
* * * LOW HITPOINT WARNING * * *
You slice kae's ghost!!
Kae's ghost is severely damaged.
Kae's ghost hits you.
* * * LOW HITPOINT WARNING * * *
Kae's ghost burns you.
* * * LOW HITPOINT WARNING * * *
You see here a scroll labeled YRIEHO DAUFO.
You see here a hippogriff corpse.
Kae's ghost says, "Try not to bleed too much."
Things that are here:
a giant club; an ogre corpse
There is a stone staircase leading down, spattered with blood here.
Things that are here:
21 arrows; an uncursed shortbow
There is a stone staircase leading up, spattered with blood here.
You see here an arrow.
Kae's ghost hits you!
You die...

...........†.)...#
#######...##.../.#
.###...).###......$.
.....##.## #!....###
.......)# #.....#
######..####..[..#
#....÷...#.....#
#....>.W.#######
#.>....)@#
##########


You could see kae's ghost.

Vanquished Creatures
  A two-headed ogre (D:9)
  2 trolls (D:9)
  2 hippogriffs
  Sigmund (D:4)
  A wyvern (D:8)
  Menkaure (D:4)
  Duvessa (D:6)
  An ice beast (D:6)
  An orc warrior (D:6)
  3 sky beasts
  An ogre (D:9)
  A necrophage (D:5)
  3 phantoms
  2 centaurs
  The ghost of diana the Changer, an amateur MfTm (D:3)
  Blork the orc (D:5)
  5 bullfrogs
  Dowan (D:6)
  A scorpion (D:9)
  4 killer bees (D:7)
  A howler monkey (D:6)
  A crimson imp (D:7)
  A bullfrog zombie (D:5)
  A hound (D:9)
  2 jellies
  5 orc priests
  5 orc wizards
  4 iguanas (D:6)
  4 worker ants
  4 adders
  A shadow imp (D:6)
  An ooze (D:2)
  An adder skeleton (D:4)
  4 worms
  4 dart slugs
  3 leopard geckos
  19 orcs
  4 bats
  2 giant cockroaches (D:2)
  5 goblins
  5 hobgoblins
  5 jackals (D:4)
  5 kobolds
  4 quokkas
  7 frilled lizards
  A quokka skeleton (D:4)
  A quokka zombie (D:7)
  7 rats
141 creatures vanquished.

Vanquished Creatures (others)
  An orc wizard (D:6)
1 creature vanquished.

Grand Total: 142 creatures vanquished

Notes
Turn   | Place    | Note
-------+----------+-------------------------------------------
     0 | D:1      | kae the Hill Orc Fighter began the quest for the Orb.
     0 | D:1      | Reached XP level 1. HP: 19/19 MP: 1/1
    24 | D:1      | Reached skill level 3 in Axes
   130 | D:1      | Reached XP level 2. HP: 27/27 MP: 2/2
   647 | D:2      | Reached XP level 3. HP: 25/33 MP: 3/3
   935 | D:2      | Noticed a phantom
   959 | D:2      | Reached skill level 4 in Axes
   973 | D:2      | Killed a phantom
   973 | D:2      | Reached skill level 1 in Dodging
   973 | D:2      | Reached XP level 4. HP: 16/41 MP: 4/4
   973 | D:2      | Reached XP level 5. HP: 19/47 MP: 5/5
  1580 | D:3      | Noticed diana's ghost (amateur MfTm)
  1590 | D:3      | Killed diana's ghost
  1590 | D:3      | Reached skill level 5 in Axes
  1590 | D:3      | Reached XP level 6. HP: 36/53 MP: 6/6
  1925 | D:3      | Found a faded altar of an unknown god.
  2023 | D:3      | Noticed a sky beast
  2032 | D:3      | Killed a sky beast
  2032 | D:3      | Reached skill level 5 in Fighting
  2032 | D:3      | Reached skill level 6 in Axes
  2226 | D:4      | Reached XP level 7. HP: 28/61 MP: 7/7
  2399 | D:4      | Noticed Sigmund
  2408 | D:4      | Killed Sigmund
  2512 | D:4      | Noticed Menkaure
  2523 | D:4      | Killed Menkaure
  2523 | D:4      | Reached skill level 7 in Axes
  2523 | D:4      | Reached skill level 5 in Armour
  2806 | D:4      | Found a shattered altar of Ashenzari.
  2974 | D:5      | Entered Level 5 of the Dungeon
  3154 | D:5      | Reached XP level 8. HP: 67/70 MP: 8/8
  3166 | D:5      | Reached skill level 8 in Axes
  3557 | D:5      | Found an ancient bone altar of Kikubaaqudgha.
  3646 | D:5      | Found a hide-covered altar of Uskayaw.
  3672 | D:5      | Found Okkage's Magic Scroll Emporium.
  3678 | D:5      | Bought a scroll of identify for 20 gold pieces
  3727 | D:5      | Found a deep blue altar of Sif Muna.
  3729 | D:5      | Found a radiant altar of Vehumet.
  3733 | D:5      | Identified Sif Muna's Compendium of Companions
  3916 | D:5      | Noticed Blork the orc
  3925 | D:5      | Killed Blork the orc
  4525 | D:6      | Found a bloodstained altar of Trog.
  4535 | D:6      | Reached skill level 9 in Axes
  4687 | D:6      | Reached XP level 9. HP: 73/78 MP: 9/9
  4807 | D:6      | Found Jutuew's Antique Weapon Emporium.
  4830 | D:6      | Noticed Duvessa
  4832 | D:6      | Noticed Dowan
  4837 | D:6      | Killed Duvessa
  4847 | D:6      | Reached skill level 10 in Axes
  4861 | D:6      | Killed Dowan
  5204 | D:6      | Found a sparkling altar of Nemelex Xobeh.
  5204 | D:6      | Found a faded altar of an unknown god.
  5209 | D:6      | Found a faded altar of an unknown god.
  5211 | D:6      | Found a sacrificial altar of Ru.
  5213 | D:6      | Found a burning altar of Makhleb.
  5477 | D:6      | Became a worshipper of Makhleb the Destroyer
  5690 | D:7      | Found Pibeacad's Magic Scroll Emporium.
  5722 | D:7      | Bought a scroll of identify for 24 gold pieces
  5722 | D:7      | Bought a scroll of identify for 24 gold pieces
  5722 | D:7      | Bought a scroll of identify for 24 gold pieces
  5722 | D:7      | Bought a scroll of identify for 24 gold pieces
  5750 | D:7      | Reached skill level 1 in Invocations
  5849 | D:7      | Found a staircase to the Ecumenical Temple.
  5950 | D:7      | Found Zin's Purification Station.
  5953 | D:7      | Found a glowing silver altar of Zin.
  6045 | D:7      | Found a stormy altar of Qazlal.
  6481 | D:8      | Reached * piety under Makhleb
  6699 | D:9      | Noticed a two-headed ogre
  6706 | D:8      | Reached skill level 11 in Axes
  6734 | D:9      | Killed a two-headed ogre
  6734 | D:9      | Reached skill level 5 in Dodging
  6734 | D:9      | Reached XP level 10. HP: 54/88 MP: 12/12
  7089 | D:9      | Reached skill level 12 in Axes
  7188 | D:9      | Noticed kae's ghost (journeyman HOFi)
  7212 | D:9      | Slain by kae's ghost

Skill      XL: |  1  2  3  4  5  6  7  8  9 10 |
---------------+-------------------------------+-----
Axes           | 3 4 5 6 7 9 11 12 | 12.0
Fighting       | 4 5 6 8 |  8.6
Armour         | 4 5 6 7 |  7.8
Dodging        | 1 2 3 5 |  5.2
Invocations    | 3 4 |  4.5
Shields        | |  3.2

Action                   |  1- 3 |  4- 6 |  7- 9 | 10-12 || total
-------------------------+-------+-------+-------+-------++-------
Melee: War axe           |    90 |   112 |   329 |    60 ||   591
  Use: Potion            |     1 |       |     1 |     1 ||     3
       Scroll            |       |       |    17 |       ||    17
  Eat: Chunk             |       |     4 |     8 |     2 ||    14
       Ration            |       |       |     2 |       ||     2
Armor: Scale mail        |    45 |    36 |   126 |    18 ||   225
Dodge: Dodged            |    29 |    36 |   118 |    26 ||   209
Block: Shield            |    44 |    53 |   200 |    51 ||   348
       Reflection        |       |       |     4 |     2 ||     6
